Map: Prion Terraces

Players

LindyHop

  • Race: Zerg Zerg
  • League: Platinum

Rover - Winner!

  • Race: Terran Terran
  • League: Silver

VOD

Have the link to the VOD?

Description

Time

  • Played on: Jan. 6, 2016, 8:54 p.m.
  • Length: 12:51
Show
View Real Time Build Order
Export as new Build Order

LindyHop Zerg 

Build Orders: Hatch First, Muta Ling Bane 

Get SALT Encoding   

  12  0:01  Drone  
  13  0:08  Drone  
  14  0:18  Overlord  
  14  0:25  Extractor  
  14  0:26  Drone  
  15  0:37  Drone x2  
  17  0:55  Hatchery  
  16  0:58  Drone  
  17  1:06  Drone, Extractor  
  17  1:07  Drone  
  18  1:21  Spawning Pool  
  18  1:25  Drone  
  18  1:29  Drone  
  19  1:38  Overlord  
  19  2:10  Queen x2  
  19  2:11  Metabolic Boost  
  19  2:13  Zergling x2  
  19  2:14  Zergling x2  
  25  2:26  Zergling x2  
  25  2:29  Drone x3  
  29  2:41  Roach Warren  
  28  2:52  Drone x4  
  32  3:03  Baneling Nest  
  32  3:04  Overlord  
  31  3:21  Drone x5  
  31  3:22  Drone  
  37  3:39  Drone x2  
  37  3:40  Drone x2  
  41  3:46  Extractor  
  41  3:47  Drone x2  
  42  4:00  Hatchery  
  41  4:07  Evolution Chamber  
  40  4:12  Drone x2  
  42  4:17  Queen  
  42  4:20  Overlord x2  
  42  4:21  Overlord  
  44  4:26  Pneumatized Carapace  
  44  4:34  Zerg Ground Armor Level 1  
  44  4:42  Drone  
  44  4:43  Drone x6, Extractor  
  50  5:04  Lair  
  49  5:19  Overlord x2  
  49  5:25  Drone x6, Extractor  
  49  5:26  Zergling x4  
  49  5:27  Zergling x4  
  58  5:44  Zergling x6  
  58  5:45  Zergling x4  
  63  5:55  Baneling x4  
  63  5:57  Zergling x4  
  63  5:58  Zergling x6  
  68  6:05  Zergling x2  
  68  6:06  Zergling x4  
  68  6:07  Spire  
  68  6:09  Zergling x2  
  72  6:11  Zergling x2  
  72  6:19  Centrifical Hooks  
  72  6:21  Zergling x10  
  77  6:29  Zergling x4  
  77  6:32  Zergling x2  
  80  6:35  Baneling  
  80  6:36  Baneling x3  
  76  6:59  Zergling x12  
  76  7:00  Zergling x6  
  84  7:07  Hatchery  
  80  7:18  Mutalisk x5  
  80  7:20  Overlord x2  
  89  7:23  Zerg Flyer Weapons Level 1  
  89  7:27  Overlord x2  
  89  7:38  Zergling x2  
  89  7:39  Zergling x4  
  89  7:43  Mutalisk x2  
  96  7:44  Mutalisk  
  96  7:46  Hatchery  
  97  8:02  Mutalisk x4  
  97  8:04  Zergling x10  
  110  8:07  Drone  
  110  8:13  Baneling x3  
  110  8:16  Zergling x2  
  110  8:17  Zergling x4  
  113  8:26  Zergling x2  
  113  8:27  Zergling x4  
  115  8:40  Mutalisk  
  115  8:41  Zergling x14  
  94  8:42  Zergling x2  
  94  8:48  Zergling x4  
  90  8:53  Zergling x10  
  95  8:58  Drone x2  
  95  9:02  Drone  
  98  9:03  Drone  
  98  9:08  Baneling x2  
  94  9:10  Drone x2, Extractor  
  94  9:11  Extractor  
  94  9:28  Baneling x4  
  90  9:46  Baneling x3  
  90  9:47  Baneling  
  90  9:53  Zerg Ground Armor Level 2, Zerg Flyer Armor Level 1  
  90  10:00  Drone x4  
  90  10:01  Evolution Chamber, Drone x2  
  90  10:02  Infestation Pit  
  90  10:05  Extractor  
  90  10:06  Spine Crawler, Extractor  
  91  10:08  Spine Crawler  
  91  10:09  Spore Crawler  
  89  10:18  Mutalisk x5  
  89  10:20  Zergling x2  
  89  10:21  Zergling x12  
  102  10:29  Hydralisk Den  
  102  10:30  Drone x9  
  110  10:38  Zerg Missile Weapons Level 1  
  109  10:57  Baneling x3  
  109  10:58  Baneling x4  
  108  11:25  Hydralisk  
  108  11:26  Hydralisk x12  
  133  11:34  Drone  
  133  11:35  Overlord x3  
  133  11:36  Overlord  
  133  11:54  Zergling x18  
  106  11:58  Hydralisk  
  106  11:59  Zergling x2  
  96  12:02  Zergling x2  
  96  12:03  Zergling x4  
  99  12:08  Zergling x2  
  99  12:12  Zergling x2  
  99  12:13  Zergling x6  
  92  12:19  Zergling x2  
  69  12:24  Baneling x3  
  69  12:26  Zergling x2, Baneling x2  
  69  12:27  Zergling x6  
Show
View Real Time Build Order
Export as new Build Order

Rover Terran - Winner!

Build Orders: MMM Bio 

Get SALT Encoding   

  12  0:01  SCV  
  13  0:13  SCV  
  14  0:17  Supply Depot  
  14  0:25  SCV  
  15  0:39  SCV  
  15  0:40  Barracks  
  16  0:44  Refinery  
  16  0:51  SCV  
  17  1:03  SCV  
  18  1:28  Supply Depot  
  18  1:34  Command Center  
  18  1:36  SCV  
  19  1:48  SCV  
  20  2:00  Barracks Reactor, Orbital Command  
  20  2:16  Factory  
  20  2:20  Refinery  
  20  2:29  SCV  
  21  2:36  Reaper  
  22  2:41  SCV  
  23  2:54  Marine  
  23  2:55  SCV  
  25  2:58  Factory Tech Lab  
  25  3:03  Starport  
  25  3:08  SCV  
  26  3:13  Marine x2  
  26  3:16  Orbital Command  
  28  3:20  SCV  
  29  3:31  Marine x2  
  29  3:32  SCV  
  32  3:34  Siege Tank  
  32  3:39  Refinery  
  34  3:44  SCV  
  34  3:45  Barracks  
  35  3:48  Starport Reactor, Marine  
  35  3:49  Marine  
  35  3:52  SCV  
  38  3:56  SCV  
  39  4:04  SCV  
  39  4:06  Marine x2  
  39  4:08  SCV  
  43  4:13  Siege Tank  
  46  4:19  Engineering Bay  
  46  4:20  Supply Depot  
  46  4:33  Barracks Reactor  
  46  4:35  Barracks Tech Lab  
  46  4:36  SCV  
  46  4:37  Barracks  
  47  4:38  Marine  
  47  4:39  Marine  
  47  4:42  SCV  
  50  4:48  SCV  
  50  4:50  Supply Depot  
  51  4:54  SCV, Medivac  
  51  4:56  Marine  
  55  5:00  SCV  
  55  5:05  Marine x2, Medivac  
  60  5:12  Supply Depot  
  60  5:14  Marine  
  60  5:18  Terran Infantry Weapons Level 1  
  60  5:22  Stimpack  
  60  5:23  Marine  
  60  5:25  SCV  
  60  5:26  SCV  
  63  5:28  Marine  
  63  5:33  Marine  
  65  5:36  Barracks Reactor  
  65  5:41  Marine  
  66  5:46  Marine  
  67  5:51  Marine  
  67  5:52  Supply Depot  
  68  5:58  Marine  
  68  6:00  Medivac  
  71  6:04  Marine  
  71  6:09  Marine  
  73  6:16  Supply Depot, Marine  
  73  6:17  Armory  
  74  6:22  Marine  
  75  6:26  Command Center  
  75  6:27  Marine  
  75  6:30  Bunker  
  76  6:34  Marine  
  77  6:40  Marine  
  77  6:45  Marine  
  79  6:52  Marine  
  80  6:57  Barracks, Marine  
  80  6:59  Barracks  
  81  7:02  Marine  
  82  7:10  Marine  
  82  7:15  Marine  
  83  7:20  Marine  
  83  7:21  Marine x2  
  87  7:23  Siege Tank  
  87  7:24  Medivac x2  
  94  7:37  Marine x2  
  94  7:38  Marine  
  94  7:39  Supply Depot, Marine x2  
  94  7:41  Terran Infantry Armor Level 1  
  99  7:51  Marine x2  
  99  7:54  Medivac  
  99  7:55  Siege Tank, Marine x2  
  99  7:56  Marine x3  
  111  8:09  Marine x2  
  113  8:13  Marine x2  
  113  8:14  Marine x3  
  113  8:17  Missile Turret  
  118  8:21  Missile Turret  
  118  8:27  Marine x2  
  118  8:31  Marine x2  
  118  8:32  Marine x3  
  125  8:36  Liberator  
  101  8:45  Marine x2  
  78  8:48  Marine x2  
  78  8:49  Marine  
  78  8:50  Marine x2  
  81  9:03  Marine x2  
  81  9:06  Marine x2  
  81  9:07  Marine  
  81  9:08  SCV, Marine  
  81  9:09  SCV, Liberator  
  89  9:11  SCV  
  90  9:23  Starport  
  90  9:28  Marine  
  94  9:38  Missile Turret  
  94  9:43  Supply Depot, Marine x4  
  94  9:44  Marine x2  
  100  9:45  Marine  
  100  9:50  Terran Infantry Weapons Level 2  
  101  9:58  Combat Shields  
  101  10:01  Marine x5  
  101  10:05  Marine  
  101  10:06  Marine  
  108  10:10  Starport Reactor  
  108  10:12  Medivac  
  110  10:19  Marine x5  
  115  10:23  Marine x2  
  115  10:27  Missile Turret  
  117  10:31  Missile Turret  
  117  10:34  Missile Turret  
  117  10:36  Marine  
  117  10:37  Marine x2  
  117  10:39  Barracks Reactor  
  117  10:41  Liberator, Marine  
  121  10:44  Marine  
  121  10:46  Barracks Reactor  
  122  10:54  Marine x2  
  122  10:55  Marine  
  125  10:59  Marine  
  125  11:01  Marine  
  130  11:12  Marine x3  
  130  11:15  Marine  
  130  11:17  Marine  
  135  11:19  Marine  
  135  11:24  Marine x3  
  134  11:30  Marine x2  
  134  11:32  Marine x2  
  136  11:34  Marine  
  136  11:37  Marine  
  139  11:42  Marine x2  
  141  11:49  Marine x2  
  141  11:51  Marine x2  
  141  11:52  Marine  
  107  11:55  Marine  
  107  12:00  Marine  
  107  12:03  Marine  
  107  12:04  Marine  
  109  12:09  Marine  
  109  12:10  Marine  
  109  12:14  Marine  
  102  12:21  Marine x3  
  101  12:28  Marine x2  
  103  12:31  Marine  
  103  12:32  Marine  
Tags
 
Add a new tag
Caveats
  • Supply blocks, unpowered buildings, or Contaminate may cause inaccurate times.
  • Supply counts are checked every 10 seconds.